 Dungeon Crawl Stone Soup version 0.18.1-50-g88ac8fd (webtiles) character file.

55 unrecovered the Insei (level 3, -2/24 HPs)
             Began as an Octopode Transmuter on Oct 28, 2016.
             Slain by Natasha (8 damage)
             ... on level 2 of the Dungeon.
             The game lasted 00:08:13 (985 turns).

unrecovered the Insei (Octopode Transmuter)          Turns: 985, Time: 00:08:19

Health: -2/24      AC:  2    Str:  9    XL:     3   Next: 93%
Magic:  2/6        EV: 19    Int: 16    God:
Gold:   79         SH:  0    Dex: 17    Spells: 3 memorised, 0 levels left

rFire  . . .     SeeInvis .       - Unarmed
rCold  . . .     Gourm    .     (shield currently unavailable)
rNeg   . . .     Faith    .     (helmet currently unavailable)
rPois  x         Spirit   .     e - amulet of regeneration
rElec  .         Dismiss  .     (no ring)
rCorr  .         Reflect  .     (no ring)
SustAt .         Harm     .     (no ring)
MR     .....                    (no ring)
Stlth  +++.......               (no ring)
                                (no ring)
                                (no ring)
                                (no ring)

@: spider-form, not resistant to hostile enchantments, fairly stealthy
A: almost no armour, (amphibious), 8 rings, (constrict 8), (camouflage 0),
(gelatinous body 0)
a: End Transformation


You were on level 2 of the Dungeon.
You were not hungry.
You were a venomous arachnid creature.
You visited 1 branch of the dungeon, and saw 2 of its levels.

You collected 79 gold pieces.

Inventory:

Hand Weapons
 r - a +0 dagger (melded)
Missiles
 a - 30 arrows
Jewellery
 e - an amulet of regeneration (around neck)
Scrolls
 g - 2 scrolls of identify {unknown}
 h - 3 scrolls of remove curse {unknown}
 i - a scroll of enchant armour {unknown}
 j - a scroll of fear {unknown}
 k - a scroll of immolation {unknown}
 m - a scroll of magic mapping {unknown}
 p - a scroll of enchant weapon {unknown}
Potions
 d - 3 potions of curing {unknown}
 l - 3 potions of flight {unknown}
 o - a potion of heal wounds {unknown}
 q - a potion of haste {unknown}
Books
 b - a book of Changes

   Spells                             Type                      Level
   a - Beastly Appendage              Transmutation                1
   b - Sticks to Snakes               Transmutation                2
   c - Spider Form                    Transmutation/Poison         3
   d - Ice Form                       Ice/Transmutation            4
   e - Blade Hands                    Transmutation                5
 n - a book of Transfigurations

   Spells                             Type                      Level
   a - Irradiate                      Conjuration/Transmutation    5
   b - Statue Form                    Transmutation/Earth          6
   c - Hydra Form                     Transmutation                6
   d - Dragon Form                    Transmutation                7
Comestibles
 c - a bread ration
 f - a meat ration
 s - 6 chunks of flesh


   Skills:
 + Level 2.0 Fighting
 - Level 2.0 Dodging
 * Level 3.0 Stealth
 + Level 3.3 Unarmed Combat
 - Level 2.0 Spellcasting
 + Level 2.4 Transmutations


You couldn't memorise any spells.
You knew the following spells:

 Your Spells              Type           Power        Failure   Level  Hunger
a - Beastly Appendage     Trmt           #.....       24%         1    #......
b - Sticks to Snakes      Trmt           #.......     32%         2    ###....
c - Spider Form           Trmt/Pois      #.........   61%         3    ###....


Dungeon Overview and Level Annotations

Branches:
Dungeon (2/15)

Altars:
Elyvilon
Nemelex Xobeh

Annotations:
D:2 Natasha


Innate Abilities, Weirdness & Mutations

You cannot wear most types of armour.
((You are amphibious.))
You can wear up to eight rings at the same time.
((You can use your tentacles to constrict eight enemies at once.))
((Your skin changes colour to match your surroundings (Stealth).))
((Your rubbery body absorbs attacks (AC +1).))


Message History

Confirm with . or Enter, or press ? or * to list all spells.
One of your tentacles grows a vicious spike.
You constrict Natasha, but do no damage.
Natasha wildly gestures.
Natasha shimmers violently.
Natasha claws you!
* * * LOW HITPOINT WARNING * * *
You hit Natasha.
Natasha is lightly wounded.
You constrict Natasha. Natasha claws you.
* * * LOW HITPOINT WARNING * * *
Drink which item? (? for menu, Esc to quit)
Okay, then.
Casting: Beastly Appendage
Confirm with . or Enter, or press ? or * to list all spells.
Your tentacle spike disappears.
You turn into a venomous arachnid creature.
Your +0 dagger melds into your body.
You lose your grip on Natasha.
Natasha claws you!
You die...

######(.##.#
#.....##......##⌠_.
##.##.#
###.####...÷######8
#.##.# ##.####...#.#
# #.##.#
#.......#........
#.#..#
#..##...#...##.#.
#.#.## #.....#####...
# #.#.# #.###...#
.### #.#.# #h# ###.#
## #.#.### #s# ...
#..#..# #.# .#
###.#.###.######.####
##.#
#.#............##..
....
#.#####.#########.#
#.# #.# #.# #.# #.#
#.# #.# #.# #.#
#.#########.# #.. #.#
#........##.######


You could see Natasha.

Vanquished Creatures
  Natasha (D:2)
  An ooze (D:2)
  A dart slug (D:1)
  A giant gecko (D:2)
  5 bats
  3 giant cockroaches (D:2)
  4 goblins
  A hobgoblin (D:2)
  A kobold (D:1)
  3 rats
21 creatures vanquished.

Vanquished Creatures (collateral kills)
  A worm (D:2)
1 creature vanquished.

Grand Total: 22 creatures vanquished

Notes
Turn   | Place    | Note
--------------------------------------------------------------
     0 | D:1      | unrecovered the Octopode Transmuter began the quest for the Orb.
     0 | D:1      | Reached XP level 1. HP: 13/13 MP: 3/3
   281 | D:1      | Reached skill level 1 in Stealth
   281 | D:1      | Reached XP level 2. HP: 18/18 MP: 3/5
   463 | D:2      | Learned a level 2 spell: Sticks to Snakes
   621 | D:2      | Noticed Natasha
   651 | D:2      | Reached XP level 3. HP: 24/24 MP: 1/6
   730 | D:2      | Found a sparkling altar of Nemelex Xobeh.
   730 | D:2      | Found a white marble altar of Elyvilon.
   788 | D:2      | Killed Natasha
   937 | D:2      | Learned a level 3 spell: Spider Form
   973 | D:2      | Noticed Natasha
   985 | D:2      | Slain by Natasha

Skill      XL: |  1  2  3 |
---------------+----------+-----
Stealth        | 1 2 3 |  3.0
Fighting       | 2 |  2.0
Dodging        | |  2.0
Unarmed Combat | |  3.3
Spellcasting   | |  2.0
Transmutations | |  2.4

Action                   || total
-------------------------++-------
Melee: Unarmed           ||    44
       Kick              ||     5
       Constrict         ||    14
       Tentacles         ||     7
       Dagger            ||     3
 Cast: Beastly Appendage ||    11
       Sticks to Snakes  ||     5
       Spider Form       ||     1
 Stab: Sleeping          ||     5
  Eat: Chunk             ||     1
Armor: Skin              ||     5
Dodge: Dodged            ||    27
